 Dungeon Crawl Stone Soup version 0.23.2-1-ga50397a6bc (webtiles) character file.

Game seed: 196914943415175813

14074 Kinoniko the Impaler (level 12, -43/97 HPs)
             Began as a Merfolk Gladiator on May 3, 2019.
             Was a High Priest of Okawaru.
             Annihilated by a very large slime creature (56 damage)
             ... on level 12 of the Dungeon.
             The game lasted 00:21:39 (11651 turns).

Kinoniko the Impaler (Merfolk Gladiator)           Turns: 11651, Time: 00:21:40

Health: -43/97     AC: 28    Str: 30    XL:     12   Next: 12%
Magic:  12/12      EV: 17    Int:  8    God:    Okawaru [*****.]
Gold:   593        SH:  7    Dex: 15    Spells: 11/11 levels left

rFire    . . .     SeeInvis .   F - +5 trident (flame)
rCold    . . .     Gourm    .   w - +2 buckler
rNeg     + . .     Faith    .   J - +8 chain mail of Egalitarianism {-Cast rPois rN+}
rPois    +         Spirit   .   c - +2 helmet
rElec    .         Reflect  .   U - +2 cloak
rCorr    .         Harm     +   E - +1 pair of gloves
MR       .....     NoCast   +   R - +0 pair of boots
Stlth    ..........             i - amulet of harm
HPRegen  0.26/turn              m - +2 ring of evasion
MPRegen  0.13/turn              t - +6 ring of strength

@: mighty
A: change form in water, swift swim, stealthy swim
a: Heroism, Finesse, Renounce Religion


You were on level 12 of the Dungeon.
You worshipped Okawaru.
Okawaru was extremely pleased with you.
You were hungry.

You visited 2 branches of the dungeon, and saw 13 of its levels.

You collected 593 gold pieces.

Inventory:

Hand Weapons
 r - a +0 halberd
 F - a +5 trident of flaming (weapon)
 H - a +1 bardiche of distortion
Missiles
 d - 5 throwing nets (quivered)
Armour
 b - the +3 leather armour of Honour {rPois}
   (You found it on level 11 of the Dungeon)

   It protects you from poison.
 c - a +2 helmet (worn)
 w - a +2 buckler (worn)
 E - a +1 pair of gloves (worn)
 J - the +8 chain mail of Egalitarianism (worn) {-Cast rPois rN+}
   (You took it off an orc on level 8 of the Dungeon)

   It protects you from poison.
   It protects you from negative energy.
   It prevents spellcasting.
 R - a +0 pair of boots (worn)
 U - a +2 cloak (worn)
Jewellery
 e - an uncursed ring of protection from cold
 h - an uncursed amulet of guardian spirit
 i - an amulet of harm (around neck)
 m - a +2 ring of evasion (left hand)
 t - a +6 ring of strength (right hand)
 y - an uncursed amulet of the gourmand
 G - an uncursed ring of ice
 K - an uncursed ring of ice
 Q - a +3 ring of dexterity
Wands
 p - a wand of random effects (58)
 D - a wand of acid (8)
 N - a wand of flame (11)
 P - a wand of enslavement (7)
 T - a wand of paralysis (8)
Scrolls
 j - 8 scrolls of remove curse
 l - 8 scrolls of teleportation
 o - 6 scrolls of amnesia
 s - 3 scrolls of fog
 v - 2 scrolls of magic mapping
 B - a scroll of fear
Potions
 a - a potion of flight {unknown}
 g - 5 potions of degeneration
 k - 2 potions of brilliance
 q - a potion of haste {unknown}
 u - 3 potions of curing
 x - a potion of resistance {unknown}
 z - 3 potions of mutation
 A - a potion of heal wounds {unknown}
 I - 2 potions of invisibility
 L - 3 potions of ambrosia
 O - a potion of agility
Comestibles
 f - 19 rations
 C - 4 chunks of flesh


   Skills:
 * Level 10.2 Fighting
 * Level 16.4 Polearms
 + Level 2.2 Throwing
 * Level 6.9 Armour
 * Level 9.6 Dodging
 - Level 0.3 Stealth
 + Level 4.1 Shields


You had 11 spell levels left.
You didn't know any spells.
Your spell library contained the following spells:

 Spells                   Type           Power        Failure   Level  Hunger
 Animate Skeleton         Necr           N/A          88%         1    ##.....
 Apportation              Tloc           #.....       88%         1    ##.....
 Confusing Touch          Hex            #.....       88%         1    ##.....
 Summon Small Mammal      Summ           #...         88%         1    ##.....


Dungeon Overview and Level Annotations

Branches:
Dungeon (12/15)            Temple (1/1) D:5            Lair (0/6) D:8
    Orc (0/2) D:9

Altars:
Ashenzari
Cheibriados
Dithmenos
Elyvilon
Fedhas
Gozag
Hepliaklqana
Kikubaaqudgha
Makhleb
Nemelex Xobeh
Okawaru
Qazlal
Ru
Sif Muna
Trog
Uskayaw
Vehumet
Wu Jian
Xom
Yredelemnul
Zin
The Shining One

Shops:
D:8 *

Annotations:
D:12 1 runed translucent door, tensugalgo's ghost, journeyman GnWn


Message History

You burn the very large slime creature.
The very large slime creature is severely wounded.
The very large slime creature hits you!!
* * * LOW HITPOINT WARNING * * *
Attack whom?
Press: ? - help, Dir - move target cursor, f/p - very large slime creature
Aim: a very large slime creature (severely wounded)
You completely miss the very large slime creature.
The very large slime creature is severely wounded.
You block the very large slime creature's attack.
Attack whom?
Press: ? - help, Dir - move target cursor, f/p - very large slime creature
Aim: a very large slime creature (severely wounded)
You impale the very large slime creature!!
You burn the very large slime creature.
The very large slime creature is almost dead.
You feel better.
The very large slime creature hits you!!!
Ouch! That really hurt!
You die...

.### #### .... ... ...#!
#.. ..... #.## ###...#..#
#⌠##..#.# ...##...##
###### # .!..##..J#
#....# # %♣!.W#.#@#
#.##.# #
....##.#.######.##.######
...##..#......#.##.......
#.##(.#######...[....###.
#+#..# #........# #.
..... ##.......# ## #....
#.......# #.......#
#.......# ##


You could see a very large slime creature.

Vanquished Creatures
  A hydra (D:11)
  2 two-headed ogres
  Pikel (D:5)
  2 cyclopes
  A centaur zombie (D:12)
  Maurice (D:11)
  A komodo dragon (D:11)
  Prince Ribbit (D:9)
  3 trolls
  2 slime creatures
  A hippogriff (D:8)
  A wyvern (D:9)
  13 yaks
  A hungry ghost (D:8)
  A steam dragon (D:12)
  Duvessa (D:6)
  5 orc warriors
  5 ice beasts
  A hornet zombie (D:9)
  2 black bears (D:11)
  2 sky beasts
  A necrophage (D:11)
  7 ogres
  A phantom (D:4)
  A crocodile (D:10)
  4 big kobolds
  4 centaurs
  4 bullfrogs
  Dowan (D:6)
  A wyvern skeleton (D:8)
  2 scorpions
  3 killer bees (D:9)
  8 wights
  4 electric eels (D:9)
  2 howler monkeys (D:10)
  A bullfrog zombie (D:9)
  2 crimson imps (D:8)
  2 quasits
  4 hounds
  Crazy Yiuf (D:3)
  A gnoll shaman (D:8)
  9 orc priests
  8 jellies
  6 orc wizards
  3 centaur skeletons
  9 iguanas
  4 worker ants
  3 bullfrog skeletons
  2 hound skeletons (D:6)
  2 howler monkey zombies (D:6)
  A worker ant zombie (D:10)
  Robin (D:2)
  2 howler monkey skeletons
  5 gnolls (D:8)
  13 adders
  6 oozes
  2 worms
  A dart slug (D:2)
  3 leopard geckos
  41 orcs
  2 ball pythons
  5 bats
  3 giant cockroaches
  9 goblins
  10 hobgoblins
  9 jackals
  4 quokkas
  3 frilled lizards
  A jackal skeleton (D:6)
  13 kobolds
  A leopard gecko skeleton (D:9)
  9 rats
292 creatures vanquished.

Vanquished Creatures (others)
  Grinder (D:5)
  A bullfrog (D:5)
  An ooze (D:5)
  6 toadstools (D:5)
9 creatures vanquished.

Grand Total: 301 creatures vanquished

Notes
Turn   | Place    | Note
-------+----------+-------------------------------------------
     0 | D:1      | Kinoniko the Merfolk Gladiator began the quest for the Orb.
     0 | D:1      | Reached XP level 1. HP: 16/16 MP: 1/1
    27 | D:1      | Reached XP level 2. HP: 14/22 MP: 2/2
   621 | D:1      | Reached skill level 5 in Polearms
  1216 | D:2      | Reached XP level 3. HP: 26/27 MP: 3/3
  1651 | D:2      | Noticed Robin
  1660 | D:2      | Killed Robin
  1660 | D:2      | Reached skill level 6 in Polearms
  1660 | D:2      | Reached XP level 4. HP: 22/34 MP: 4/4
  2418 | D:3      | Reached skill level 1 in Armour
  2792 | D:3      | Reached XP level 5. HP: 39/39 MP: 5/5
  2995 | D:3      | Found a runed translucent door.
  2996 | D:3      | Noticed Crazy Yiuf
  3070 | D:3      | Reached skill level 7 in Polearms
  3552 | D:3      | Killed Crazy Yiuf
  3552 | D:3      | Reached skill level 5 in Dodging
  3552 | D:3      | Reached XP level 6. HP: 46/46 MP: 6/6
  3674 | D:4      | Noticed a phantom
  3703 | D:4      | Killed a phantom
  3703 | D:4      | Reached skill level 8 in Polearms
  3909 | D:4      | Reached XP level 7. HP: 52/52 MP: 7/7
  4146 | D:5      | Entered Level 5 of the Dungeon
  4178 | D:5      | Reached skill level 9 in Polearms
  4293 | D:5      | Reached skill level 1 in Shields
  4385 | D:5      | Noticed Pikel
  4396 | D:5      | Killed Pikel
  4396 | D:5      | Reached skill level 10 in Polearms
  4396 | D:5      | Reached XP level 8. HP: 61/61 MP: 8/8
  4399 | D:5      | Reached skill level 11 in Polearms
  4404 | D:5      | Noticed Grinder
  4413 | D:5      | Paralysed by Grinder for 5 turns
  4414 | D:5      | Killed Grinder
  4452 | D:5      | Reached skill level 5 in Fighting
  4454 | D:5      | Found a staircase to the Ecumenical Temple.
  4641 | D:5      | Reached XP level 9. HP: 68/68 MP: 9/9
  4662 | D:5      | Reached skill level 12 in Polearms
  5144 | Temple   | Entered the Ecumenical Temple
  5718 | D:6      | Noticed Duvessa
  5724 | D:6      | Killed Duvessa
  5725 | D:6      | Noticed Dowan
  5727 | D:6      | Killed Dowan
  5920 | D:6      | Found a shimmering altar of Xom.
  6276 | D:6      | Reached skill level 13 in Polearms
  6437 | D:7      | Noticed a cyclops
  6457 | D:7      | Killed a cyclops
  6473 | D:7      | Reached XP level 10. HP: 46/77 MP: 10/10
  7133 | D:7      | Found an iron altar of Okawaru.
  7152 | D:7      | Found a shattered altar of Ashenzari.
  7153 | D:7      | Found a hazy altar of Hepliaklqana.
  7153 | D:7      | Found a white marble altar of Elyvilon.
  7155 | D:7      | Found an ornate altar of the Wu Jian Council.
  7155 | D:7      | Found a hide-covered altar of Uskayaw.
  7156 | D:7      | Found a deep blue altar of Sif Muna.
  7165 | D:7      | Became a worshipper of Warmaster Okawaru
  7251 | D:8      | Identified the +8 chain mail of Egalitarianism {-Cast rPois
                  | rN+}
  7345 | D:8      | Reached skill level 14 in Polearms
  7423 | D:8      | Identified a scroll of acquirement
  7687 | D:8      | Found a staircase to the Lair.
  7827 | D:8      | Reached skill level 5 in Armour
  8092 | D:8      | Found Hegill's General Store.
  8632 | D:9      | Reached * piety under Okawaru
  8641 | D:9      | Noticed Prince Ribbit
  8995 | D:9      | Killed Prince Ribbit
  9317 | D:9      | You fall through a shaft!
  9317 | D:10     | Entered Level 10 of the Dungeon
  9342 | D:10     | Reached ** piety under Okawaru
  9649 | D:9      | Reached skill level 15 in Polearms
  9651 | D:9      | Found a staircase to the Orcish Mines.
  9846 | D:10     | Noticed a two-headed ogre
  9853 | D:10     | Killed a two-headed ogre
  9853 | D:10     | Reached XP level 11. HP: 87/87 MP: 11/11
 10146 | D:10     | Reached *** piety under Okawaru
 10275 | D:10     | Found an ancient bone altar of Kikubaaqudgha.
 10591 | D:11     | Reached **** piety under Okawaru
 10850 | D:11     | Noticed a cyclops
 10887 | D:11     | Killed a cyclops
 11022 | D:11     | Noticed a four-headed hydra
 11035 | D:11     | Killed a four-headed hydra
 11068 | D:11     | Reached skill level 16 in Polearms
 11150 | D:11     | Noticed a two-headed ogre
 11156 | D:11     | Killed a two-headed ogre
 11156 | D:11     | Reached ***** piety under Okawaru
 11177 | D:11     | Noticed Maurice
 11182 | D:11     | Killed Maurice
 11333 | D:11     | Got a dazzling leather armour
 11334 | D:11     | Identified the +3 leather armour of Honour {rPois} (You
                  | found it on level 11 of the Dungeon)
 11359 | D:11     | Reached XP level 12. HP: 97/97 MP: 12/12
 11369 | D:11     | Reached skill level 10 in Fighting
 11624 | D:12     | Found a runed translucent door.
 11624 | D:12     | Noticed tensugalgo's ghost (journeyman GnWn)
 11651 | D:12     | Annihilated by a very large slime creature

Skill      XL: |  1  2  3  4  5  6  7  8  9 10 11 12 |
---------------+-------------------------------------+-----
Polearms       | 5 6 7 8 10 11 13 15 16 | 16.4
Armour         | 1 2 3 4 5 6 |  6.9
Dodging        | 5 6 7 8 9 |  9.6
Fighting       | 3 4 5 6 8 9 10 | 10.2
Shields        | 1 2 3 4 |  4.1
Throwing       | |  2.2
Stealth        | |  0.3

Action                   |  1- 3 |  4- 6 |  7- 9 | 10-12 || total
-------------------------+-------+-------+-------+-------++-------
Melee: Trident           |   115 |   205 |   195 |   488 ||  1003
       Halberd           |       |       |    62 |       ||    62
  Use: Scroll            |     4 |     6 |     5 |    12 ||    27
       Potion            |       |     7 |     3 |     3 ||    13
 Stab: Sleeping          |     1 |       |       |       ||     1
       Invisible         |       |       |     7 |       ||     7
  Eat: Chunk             |     2 |     8 |     5 |    13 ||    28
       Ration            |       |       |     1 |     1 ||     2
Armor: Leather armour    |     8 |       |       |       ||     8
       Ring mail         |    16 |    62 |    34 |     4 ||   116
       Chain mail        |       |       |       |    70 ||    70
Dodge: Dodged            |    69 |   117 |   128 |   113 ||   427
Block: Buckler           |       |    14 |    44 |    78 ||   136
